cohdb
Replays
Latest Replays
All Replays
Popular Replays
Top Player Replays
Match Explorer
How It Works
Community
CoH3 Stats
Reddit
Sign in to upload your games and track your stats! →
Sign in with Steam
Match 47065791
Unlisted
Match 47065791
Overview
Messages
Build Orders
End
Selects Italian Combined Arms Battlegroup
Selects Bersaglieri Squad
Bersaglieri Squad
250 Light Carrier
Bersaglieri Squad
Bersaglieri Squad
Construct Light Support Kompanie
2.5-tonne Medical Truck
Selects Bersaglieri Bolster
Fire Support Elements
le.IG 18 Support Gun Team
Pak 38 Anti-tank Gun Team
Selects Breda Model 30 Light Machine Guns
Bersaglieri Squad
Panzerjäger Squad
Construct Mechanized Kompanie
Marder III Tank Destroyer
Marder III Tank Destroyer
Jarran
Zavehi
DT6188
woof_raff
Friendly Mouse(Poxie)
휴일특근(right elbow injury)
0
0
Comments
sign in to comment!
No comments posted yet!